 Dungeon Crawl Stone Soup version 0.26.1-10-gdfb7c7de75 (webtiles) character file.

Game seed: 14055367906582732090

70 ytrimaz the Skirmisher (level 4, -14/42 HPs)
             Began as a Minotaur Berserker on Apr 3, 2021.
             Was a Believer of Trog.
             Demolished by a goblin
             ... wielding a +2 dagger of distortion
              (16 damage)
             ... on level 2 of the Dungeon.
             The game lasted 00:02:39 (772 turns).

ytrimaz the Skirmisher (Minotaur Berserker)          Turns: 772, Time: 00:02:39

Health: -14/42     AC:  2    Str: 23    XL:     4   Next: 3%
Magic:  3/3        EV: 12    Int:  4    God:    Trog [**....]
Gold:   89         SH:  0    Dex:  9    Spells: 3/3 levels left

rFire    . . .     SeeInvis .   a - +0 falchion
rCold    . . .     Faith    .   (no shield)
rNeg     . . .     Spirit   .   b - +0 animal skin
rPois    .         Reflect  .   (helmet restricted)
rElec    .         Harm     .   (no cloak)
rCorr    .         Rampage  .   (no gloves)
Will     .....                  (no boots)
Stlth    +.........             (no amulet)
HPRegen  0.14/turn              (no ring)
MPRegen  0.08/turn              (no ring)

@: no status effects
A: retaliatory headbutt, horns 2
a: Renounce Religion, Berserk, Trog's Hand


You were on level 2 of the Dungeon.
You worshipped Trog.
Trog was pleased with you.
You visited 1 branch of the dungeon, and saw 2 of its levels.

You collected 89 gold pieces.

Inventory:

Hand Weapons
 a - a +0 falchion (weapon)
Armour
 b - a +0 animal skin (worn)
 l - a +0 pair of gloves
Jewellery
 h - an uncursed ring of protection from fire {unknown}
 i - an uncursed ring of stealth {unknown}
Scrolls
 c - a scroll of magic mapping {unknown}
Potions
 d - a potion of magic {unknown}
 e - 2 potions of haste
 f - a potion of attraction {unknown}
 g - a potion of mutation {unknown}
 j - a potion of lignification {unknown}
 k - 2 potions of degeneration {unknown}
 m - a potion of flight {unknown}


   Skills:
 * Level 5.2 Fighting
 + Level 4.4 Long Blades
 + Level 2.6 Armour
 - Level 2.1 Dodging


You had 3 spell levels left.
You didn't know any spells.
Your spell library was empty.

Dungeon Overview and Level Annotations

Branches:
Dungeon (2/15)

Altars:


Innate Abilities, Weirdness & Mutations

You reflexively headbutt those who attack you in melee.
You have a pair of horns on your head.


Message History

m - a fuming inky potion You see here an adder corpse.
Things that are here:
a +2 dagger of freezing; a goblin corpse A goblin comes into view.
It is wielding a +2 dagger of distortion.
The goblin shouts!
The goblin hits you but does no damage. Space warps horribly around you!
You hit the goblin but do no damage. The goblin hits you but does no damage.
Space bends around you.
The goblin hits you with a +2 dagger of distortion.
Space warps horribly around you!
* * * LOW HITPOINT WARNING * * *
You hit the goblin but do no damage. Your headbutt misses the goblin.
The goblin hits you but does no damage. Space bends around you.
* * * LOW HITPOINT WARNING * * *
You hit the goblin but do no damage.
The goblin hits you with a +2 dagger of distortion.
* * * LOW HITPOINT WARNING * * *
Space warps horribly around you!
You die...

...# ...# ..# ..# #.# #
#?# #.####.########.
#.##(#.......@g......
###.#....##.#.#########
..#.#...###.#.#
#.#.#.......#.#
#^#.#...##..#)#
#.#.#.####..#.#
#.#.......)...###
##........†......#
.<.....####))###.#


You could see a goblin.

Vanquished Creatures
  Robin (D:2)
  An adder (D:2)
  3 dart slugs
  A leopard gecko (D:1)
  3 giant cockroaches
  10 goblins
  6 hobgoblins
  4 kobolds (D:1)
  A quokka (D:2)
  3 bats (D:1)
  3 frilled lizards
  4 rats
40 creatures vanquished.

Notes
Turn   | Place    | Note
-------+----------+-------------------------------------------
     0 | D:1      | ytrimaz the Minotaur Berserker began the quest for the Orb.
     0 | D:1      | Reached XP level 1. HP: 19/19 MP: 0/0
    43 | D:1      | Reached skill level 4 in Fighting
    62 | D:1      | Reached XP level 2. HP: 14/27 MP: 1/1
   608 | D:2      | Reached ** piety under Trog
   609 | D:2      | Reached XP level 3. HP: 34/34 MP: 2/2
   628 | D:2      | Identified the +2 helmet of the Ego {SInv}
   628 | D:2      | Noticed Robin
   638 | D:2      | Reached skill level 5 in Fighting
   648 | D:2      | Killed Robin
   649 | D:2      | Reached XP level 4. HP: 27/42 MP: 3/3
   772 | D:2      | HP: 2/42 [goblin/+2 dagger of distortion (3)]
   772 | D:2      | Demolished by a goblin

Illustrated notes

Levels and vault maps discovered:
D:1:      tarquinn_simple_flora_water_a, layout_rooms,
          chequers_serial_rivers_room_b
D:2:      layout_loops_ring, patterned_corridor, uniq_robin

Skill      XL: |  1  2  3 |
---------------+----------+-----
Fighting       | 4 5 |  5.2
Long Blades    | 4 |  4.4
Armour         | |  2.6
Dodging        | |  2.1

Action                   |  1- 3 |  4- 6 || total
-------------------------+-------+-------++-------
Melee: Falchion          |    50 |     9 ||    59
       Headbutt          |     7 |     2 ||     9
Invok: Berserk           |     1 |       ||     1
 Stab: Sleeping          |     1 |       ||     1
Armor: Animal skin       |     8 |     3 ||    11
Dodge: Dodged            |    38 |     4 ||    42
       Rpst.: Falchion   |    10 |       ||    10
